Map: [ESL] Alcyone

Players

HeroMarine - Winner!

  • Race: Terran Terran
  • Spawn Location: 7:00

Scarlett

  • Race: Zerg Zerg
  • Spawn Location: 1:00

Event: HomeStory Cup XXIV

VOD

Have the link to the VOD?

Description

Time

  • Played on: Dec. 2, 2023, 2:28 p.m.
  • Length: 11:06

All games in this series

Show
View Real Time Build Order
Export as new Build Order

HeroMarine Terran - Winner!

Build Orders: Reaper Expand 

Get SALT Encoding   

  12  0:00  SCV  
  13  0:12  SCV  
  14  0:17  Supply Depot  
  14  0:24  SCV  
  15  0:38  SCV  
  15  0:40  Barracks  
  16  0:43  Refinery  
  16  0:50  SCV  
  17  1:02  SCV  
  18  1:15  SCV  
  19  1:27  Orbital Command, Reaper  
  20  1:39  Command Center  
  20  1:46  Supply Depot  
  20  1:52  SCV  
  21  1:59  Marine  
  22  2:05  SCV  
  23  2:10  Factory  
  23  2:17  SCV  
  23  2:21  Barracks Reactor  
  24  2:29  SCV  
  25  2:38  Command Center  
  25  2:41  SCV  
  26  2:50  Orbital Command  
  26  2:53  SCV  
  26  2:56  Barracks  
  27  3:03  Barracks Tech Lab  
  27  3:05  Hellion, SCV  
  30  3:10  Hellion  
  32  3:16  SCV  
  32  3:17  SCV  
  34  3:25  Stimpack, Marine  
  35  3:28  SCV  
  35  3:29  SCV, Refinery  
  37  3:40  SCV  
  38  3:41  SCV  
  38  3:42  Marine  
  38  3:43  Starport  
  40  3:49  Marine x2  
  40  3:50  Orbital Command  
  40  3:53  SCV x2  
  40  3:55  Refinery  
  44  3:57  Factory Reactor  
  44  4:00  Marine  
  45  4:05  SCV  
  45  4:06  SCV  
  45  4:07  Marine x2, Supply Depot  
  49  4:16  SCV  
  50  4:17  SCV  
  50  4:18  Marine, SCV  
  53  4:25  Marine x2  
  53  4:28  SCV, Supply Depot  
  53  4:29  SCV  
  53  4:30  SCV  
  53  4:31  Supply Depot  
  58  4:36  Marine  
  58  4:37  Medivac x2  
  63  4:41  SCV x2  
  63  4:42  SCV  
  63  4:43  Marine x2  
  63  4:45  Factory Tech Lab, Refinery  
  68  4:53  SCV  
  68  4:54  SCV, Marine  
  68  4:56  Orbital Command, Supply Depot  
  71  5:00  Marine  
  71  5:01  Engineering Bay  
  71  5:02  Marine, Engineering Bay  
  71  5:05  SCV  
  71  5:06  SCV  
  75  5:12  Marine  
  75  5:13  Combat Shield  
  76  5:17  SCV  
  76  5:18  SCV, Marine  
  76  5:19  Siege Tank  
  76  5:20  Marine  
  83  5:22  SCV  
  84  5:29  SCV  
  84  5:30  Medivac, SCV  
  84  5:31  Supply Depot, Medivac  
  84  5:34  Marine, SCV  
  92  5:41  SCV  
  93  5:44  Marine  
  93  5:48  Terran Infantry Weapons Level 1, Terran Infantry Armor Level 1  
  93  5:50  Supply Depot  
  93  5:52  Marine  
  93  5:53  Marine, SCV x2  
  93  5:54  Siege Tank, SCV  
  101  6:03  Supply Depot  
  101  6:12  SCV x3, Marine x3  
  105  6:24  SCV x3  
  105  6:25  Barracks, Refinery  
  101  6:26  Barracks x2, Siege Tank, Refinery  
  101  6:27  Supply Depot  
  101  6:29  Marine x3  
  107  6:36  SCV x3  
  107  6:37  Liberator x2  
  112  6:43  Command Center  
  112  6:47  Marine x3  
  112  6:51  SCV  
  112  6:52  SCV  
  117  6:55  Armory, SCV  
  117  6:58  Siege Tank  
  117  6:59  Factory  
  121  7:05  Marine x3  
  124  7:14  Supply Depot x2  
  124  7:15  Supply Depot  
  125  7:20  Barracks Reactor x2  
  125  7:21  Barracks Reactor  
  125  7:25  Marine  
  125  7:29  Barracks  
  125  7:30  Barracks  
  125  7:31  Barracks  
  125  7:35  Medivac x2, Marine x2  
  125  7:36  Siege Tank  
  134  7:42  Marine  
  135  7:47  Factory Tech Lab, SCV x3  
  138  7:52  Terran Vehicle Weapons Level 1  
  138  7:53  Terran Infantry Weapons Level 2, Marine x2  
  138  7:58  Supply Depot  
  140  8:00  SCV x2, Marine  
  140  8:01  SCV  
  144  8:08  Siege Tank  
  144  8:09  Siege Tank  
  144  8:11  Marine x2  
  150  8:12  SCV  
  150  8:15  Marine x5  
  150  8:16  Terran Infantry Armor Level 2, Marine  
  150  8:18  Marine  
  159  8:20  SCV x2  
  159  8:22  Supply Depot  
  159  8:23  Supply Depot  
  159  8:25  SCV  
  159  8:26  Barracks Tech Lab x3  
  160  8:29  Marine x2  
  160  8:33  Marine x4  
  166  8:36  Marauder  
  169  8:48  Marauder  
  169  8:49  Planetary Fortress, Marauder  
  169  8:52  Marauder  
  172  8:57  Marine x2  
  172  8:58  Marauder  
  172  8:59  Marine x3  
  172  9:00  Marine x2  
  172  9:01  Siege Tank x2  
  187  9:04  Marine  
  186  9:10  Command Center, Marauder  
  186  9:11  Marauder  
  186  9:13  Marine  
  186  9:19  Marauder  
  188  9:29  Marine x2  
  188  9:30  Marine, Supply Depot x2  
  188  9:31  Marine x2  
  188  9:38  Marine  
  188  9:40  Marauder x2  
  188  9:41  Marine  
  188  9:42  Siege Tank, Marine x2, Marauder  
  188  9:43  Siege Tank  
  187  9:50  Marine x2  
  187  9:52  Marine x3  
  187  9:56  Marine  
  187  9:59  Marine  
  166  10:00  Marine x2  
  166  10:01  Marauder  
  166  10:03  Marauder  
  166  10:04  Medivac  
  166  10:05  Medivac  
  166  10:07  Marauder  
  163  10:08  Command Center, Marine x2  
  163  10:09  Marine  
  163  10:10  Marine x2  
  163  10:13  Marine  
  163  10:14  Concussive Shells  
  169  10:15  Siege Tank  
  169  10:16  Marine  
  169  10:17  SCV x3, Refinery x2  
  169  10:19  Marine, Marauder, Ghost Academy  
  179  10:22  Marauder  
  179  10:24  Marine  
  179  10:28  SCV  
  183  10:29  Marine, SCV x2  
  183  10:30  Marine x2  
  183  10:32  Siege Tank  
  183  10:33  Marine x2  
  183  10:34  Medivac, Marine x2  
  183  10:35  Medivac  
  199  10:37  SCV  
  199  10:40  SCV  
  199  10:41  SCV  
  189  10:44  Marine x3  
Show
View Real Time Build Order
Export as new Build Order

Scarlett Zerg 

Build Orders: Hatch First 

Get SALT Encoding   

  12  0:00  Drone  
  13  0:12  Overlord  
  13  0:17  Drone  
  14  0:30  Drone x2  
  16  0:47  Hatchery  
  15  0:51  Drone  
  15  0:54  Drone  
  17  0:57  Drone  
  18  1:09  Extractor  
  17  1:12  Spawning Pool  
  17  1:15  Drone  
  17  1:18  Drone  
  18  1:28  Drone  
  19  1:38  Drone  
  20  1:49  Drone  
  21  1:59  Queen x2  
  21  2:00  Zergling x4  
  27  2:10  Drone  
  27  2:12  Overlord  
  28  2:20  Hatchery  
  27  2:23  Drone  
  28  2:37  Drone x3  
  28  2:41  Queen  
  32  2:46  Metabolic Boost  
  32  2:47  Overlord  
  32  2:51  Drone  
  32  2:53  Drone  
  32  2:57  Drone  
  35  3:08  Drone x5  
  40  3:13  Queen  
  40  3:16  Overlord  
  40  3:19  Drone  
  43  3:23  Spore Crawler  
  43  3:31  Queen  
  45  3:37  Drone  
  45  3:38  Queen  
  45  3:39  Drone x3  
  51  3:43  Drone x3  
  54  3:48  Overlord  
  54  3:51  Zergling x4  
  54  3:52  Drone  
  57  3:58  Overlord  
  57  4:05  Overlord  
  57  4:09  Drone x4  
  61  4:16  Drone x5  
  66  4:18  Drone, Queen  
  69  4:26  Queen  
  69  4:27  Drone x2  
  69  4:29  Lair  
  73  4:35  Drone x2  
  75  4:47  Hatchery  
  75  4:50  Spore Crawler  
  75  4:51  Extractor, Baneling Nest, Spore Crawler  
  75  4:52  Spore Crawler  
  69  4:53  Drone x5  
  69  4:55  Drone x2  
  69  4:59  Drone x4  
  80  5:00  Drone  
  81  5:07  Overlord  
  81  5:11  Overlord x2  
  81  5:16  Extractor  
  81  5:19  Extractor, Queen  
  81  5:21  Overlord  
  81  5:22  Evolution Chamber  
  81  5:23  Evolution Chamber  
  81  5:24  Overlord  
  81  5:25  Drone x2  
  81  5:29  Drone x6  
  81  5:30  Drone  
  81  5:32  Zergling x4  
  81  5:35  Zergling x6  
  93  5:40  Centrifugal Hooks  
  93  5:41  Zergling x6  
  96  5:49  Zergling x2  
  97  5:54  Zergling x4  
  97  5:56  Zerg Melee Weapons Level 1, Zerg Ground Armor Level 1  
  99  6:02  Hatchery  
  91  6:16  Drone x3  
  87  6:25  Drone x2  
  89  6:26  Zergling x14  
  89  6:28  Hydralisk Den  
  89  6:30  Extractor  
  89  6:31  Hatchery  
  89  6:32  Zergling x16  
  101  6:43  Overlord x3  
  101  6:52  Baneling x16  
  101  7:03  Drone  
  101  7:04  Zergling x22  
  101  7:06  Drone, Hatchery  
  113  7:08  Grooved Spines  
  113  7:20  Hydralisk x5  
  121  7:25  Drone x2  
  121  7:28  Hydralisk x2  
  127  7:31  Extractor  
  127  7:32  Drone, Overlord x3  
  127  7:44  Drone x7  
  134  7:50  Overlord  
  134  7:51  Zerg Ground Armor Level 2  
  134  7:52  Zerg Missile Weapons Level 1  
  134  7:58  Muscular Augments  
  134  8:03  Drone x7  
  134  8:04  Drone  
  142  8:08  Zergling x2  
  142  8:09  Zergling x12  
  145  8:13  Baneling x4  
  145  8:14  Baneling  
  145  8:18  Hydralisk x3  
  151  8:20  Infestation Pit  
  151  8:22  Drone x6  
  156  8:29  Hydralisk x3  
  159  8:35  Spore Crawler  
  157  8:47  Zergling x28  
  157  8:48  Baneling x6  
  171  8:57  Overlord x3  
  171  8:58  Overlord  
  171  9:09  Zergling x20  
  171  9:15  Hydralisk x4  
  177  9:25  Zergling x2  
  177  9:26  Zergling x24  
  166  9:52  Hatchery  
  136  9:54  Drone x11  
  136  9:55  Drone x12  
  136  9:58  Drone  
  140  10:06  Drone x4  
  136  10:07  Queen  
  136  10:13  Drone x2  
  140  10:18  Drone  
  140  10:19  Spore Crawler  
  140  10:27  Hydralisk x4  
  148  10:30  Baneling x3  
  148  10:31  Hatchery  
  148  10:35  Zergling x10  
  147  10:43  Zergling x16  
  147  10:46  Zergling x4  
Tags
 
Add a new tag
Caveats
  • Supply blocks, unpowered buildings, or Contaminate may cause inaccurate times.
  • Supply counts are checked every 10 seconds.